 Dungeon Crawl Stone Soup version 0.30-a0-948-g4fa250aae5 (console) character file.

Game seed: 12447548282512100166

118930 jejorda2 the Phalangite (level 16, -3/193 HPs)
             Began as a Merfolk Berserker on Mar 26, 2023.
             Was a High Priest of Trog.
             Slain by a merfolk
             ... wielding a +0 trident
              (9 damage)
             ... on level 1 of the Shoals.
             The game lasted 01:08:34 (29463 turns).

jejorda2 the Phalangite (Merfolk Berserker)        Turns: 29463, Time: 01:08:34

Health: -3/193     AC: 21    Str: 24    XL:     16   Next: 78%
Magic:  16/16      EV: 12    Int:  6    God:    Trog [*****.]
Gold:   1911       SH:  0    Dex: 15    Spells: 15/15 levels left

rFire   + + .      SeeInvis .    a - +0 bardiche (elec)
rCold   + . .      Faith    .    (shield currently unavailable)
rNeg    + . .      Spirit   .    c - +0 plate armour {rF+}
rPois   +          Reflect  .    (no helmet)
rElec   .          Rampage  .    H - scarf of Circular Logic {rC+ rF+, rN+ rCorr}
rCorr   +                        p - +2 pair of gloves
Will    +....                    S - +1 pair of boots Stlth
                                 o - amulet of Incredulity {Acrobat +Blink rCorr Int-2}
HPRegen 0.52/turn                G - ring "Utesa" {Fly Dex+2}
MPRegen 0.15/turn                k - ring of poison resistance

@: berserking, flying, very quick
A: nimble swimmer 2, mertail
a: Renounce Religion, Evoke Blink, Berserk, Trog's Hand, Brothers in Arms


You were on level 1 of the Shoals.
You worshipped Trog.
Trog was extremely pleased with you.
You visited 4 branches of the dungeon, and saw 23 of its levels.
You also visited: Sewer and Ice Cave.

You collected 2473 gold pieces.
You spent 562 gold pieces at shops.

Inventory:

Hand Weapons
 a - a +0 bardiche of electrocution (weapon)
 b - a +0 glaive of flaming
Missiles
 e - 5 curare-tipped darts
 f - 128 stones
 l - 31 poisoned darts
 n - 4 javelins
 s - 8 boomerangs (quivered)
 O - 6 silver boomerangs
 Q - 2 atropa-tipped darts
Armour
 c - a +0 plate armour of fire resistance (worn)
 p - a +2 pair of gloves (worn)
 H - the scarf of Circular Logic (worn) {rC+ rF+, rN+ rCorr}
   (You acquired it on level 14 of the Dungeon)

   rN:        It protects you from negative energy.
   rCorr:     It protects you from acid and corrosion.
 S - a +1 pair of boots (worn)
Jewellery
 k - a ring of poison resistance (right hand)
 o - the amulet of Incredulity (around neck) {Acrobat +Blink rCorr Int-2}
   (You found it in an ice cave)

   [amulet of the acrobat]

   It increases your evasion while moving and waiting.
   Int:       It affects your intelligence (-2).
   +Blink:    It lets you blink.
   rCorr:     It protects you from acid and corrosion.
 A - the ring "Qytop" {rC+ EV+5}
   (You acquired it on level 11 of the Dungeon)

   [ring of evasion]

   EV:        It affects your evasion (+5).
   rC:        It protects you from cold.
 G - the ring "Utesa" (left hand) {Fly Dex+2}
   (You found it on level 4 of the Lair of Beasts)

   [ring of flight]

   Dex:       It affects your dexterity (+2).
   Fly:       It grants you flight.
 L - a ring of protection from cold
Wands
 t - a wand of flame (8)
 x - a wand of charming (15)
 z - a wand of acid (9)
 B - a wand of polymorph (7)
 P - a wand of iceblast (20)
Scrolls
 d - 2 scrolls of enchant weapon
 h - 10 scrolls of teleportation
 i - 2 scrolls of immolation
 u - 2 scrolls of fog
 w - 5 scrolls of fear
 y - 8 scrolls of poison
 E - a scroll of summoning
 M - 6 scrolls of magic mapping
 N - a scroll of silence
Potions
 g - 2 potions of mutation
 j - 4 potions of flight
 m - 10 potions of heal wounds
 q - 3 potions of curing
 r - 2 potions of attraction
 v - a potion of resistance
 C - 5 potions of haste
 D - a potion of might
 F - 2 potions of ambrosia
 I - 2 potions of invisibility


   Skills:
 + Level 12.9 Fighting
 - Level 24.0 Polearms
 - Level 12.0 Throwing
 + Level 11.5 Armour
 + Level 6.8 Dodging
 - Level 6.0 Evocations


You had 15 spell levels left.
You didn't know any spells.
Your spell library was empty.

Dungeon Overview and Level Annotations

Branches:
Dungeon (15/15)            Temple (0/1) D:6            Lair (5/5) D:9
 Shoals (1/4) Lair:2        Snake (0/4) Lair:2        Slime (0/5) Lair:5
    Orc (2/2) D:11            Elf (0/3) Orc:2        Vaults (0/5) D:14
 Depths (0/4) D:15          Sewer (visited)           IceCv (visited)

Altars:
Cheibriados
Elyvilon
Fedhas
Kikubaaqudgha
Makhleb
Okawaru
Qazlal
Ru
Yredelemnul
Zin
The Shining One
Jiyva

Shops:
D:1 :?   D:8 (   Orc:2 !!==


Innate Abilities, Weirdness & Mutations

You are very nimble when in or above water. (Stealth+, EV+, Speed+++)
Your lower body shifts to a powerful aquatic tail in water.


Message History

The kraken bites you!
The merfolk hits you but does no damage.
The merfolk hits you from afar with a +0 trident.
The tentacle slaps you but does no damage.
The tentacle slaps you!
You hit the kraken. Lightning courses through the kraken!
The kraken is heavily wounded.
The tentacle slaps you but does no damage.
The tentacle slaps you.
The merfolk hits you from afar with a +0 trident.
The kraken bites you!
* * * LOW HITPOINT WARNING * * *
You slice the kraken!!
The kraken is heavily wounded.
The tentacle closely misses you. The tentacle slaps you.
* * * LOW HITPOINT WARNING * * *
The tentacle slaps you but does no damage. x2
The merfolk hits you from afar with a +0 trident.
* * * LOW HITPOINT WARNING * * *
The merfolk hits you from afar with a +0 trident.
* * * LOW HITPOINT WARNING * * *
The kraken barely misses you.
You slice the kraken!!
The kraken is severely wounded.
The tentacle slaps you!
* * * LOW HITPOINT WARNING * * *
The tentacle slaps you but does no damage.
The tentacle slaps you!
* * * LOW HITPOINT WARNING * * *
The tentacle slaps you but does no damage.
The merfolk closely misses you.
You slice the kraken!!
The kraken is severely wounded.
A tentacle segment bursts forth from the water.
The merfolk hits you from afar with a +0 trident!
* * * LOW HITPOINT WARNING * * *
The tentacle barely misses you.
The tentacle slaps you but does no damage.
The merfolk hits you from afar with a +0 trident!
You die...

########################
≈≈≈≈≈≈≈≈≈≈≈≈≈≈≈≈≈≈≈≈≈≈≈≈
≈≈≈≈≈≈≈≈≈≈≈≈≈≈≈≈≈≈≈≈≈≈≈≈
≈≈≈≈≈≈≈≈≈≈≈≈≈...≈*E≈≈≈≈≈
≈≈≈≈≈≈≈≈≈≈≈≈≈.≈www≈≈≈≈≈≈
≈≈≈≈≈≈≈≈≈≈≈≈≈~~≈@Xmm≈≈≈.
≈≈≈≈≈≈≈≈≈≈≈~....≈wmE≈≈..
≈≈≈≈≈≈≈≈≈≈~.....≈≈m≈≈≈.#
≈≈≈≈≈≈≈≈≈~......≈≈≈≈≈≈.#
~~~≈≈≈≈≈≈~......≈≈≈≈≈≈)#
~~~~≈≈≈≈≈~......≈≈≈≈≈≈.#
..~~~≈≈≈≈~......≈≈≈≈≈≈.#
...~~≈≈≈≈~......≈≈≈≈≈≈.#
...~~≈≈≈~~......≈≈≈≈≈≈(


You could see a kraken, 4 merfolk, 4 tentacles and 2 water elementals.

Vanquished Creatures
  Saint Roka (Orc:2)
  Jorgrun (D:14)
  Kirke (D:14)
  An azure jelly (IceCv)
  Louise (D:14)
  2 quicksilver oozes (IceCv)
  Josephine (D:15)
  3 hydras
  A merfolk avatar (Shoals:1)
  A great orb of eyes (D:15)
  2 catoblepae
  Erolcha (D:14)
  3 centaur warriors
  Erica (Orc:1)
  12 two-headed ogres
  A tengu warrior (D:15)
  An alligator (Lair:5)
  A boulder beetle (D:11)
  15 death yaks
  Urug (Orc:2)
  Sonja (Orc:2)
  A skyshark (Shoals:1)
  A skeletal warrior (D:14)
  A sea snake (shapeshifter) (D:15)
  A wizard (D:14)
  2 deep elf pyromancers
  2 orc sorcerers (Orc:2)
  A wolf spider (Lair:5)
  An oklob plant (Orc:2)
  16 ugly things
  4 orc knights
  6 cyclopes
  A salamander (shapeshifter) (D:13)
  6 manticores
  An elephant (Lair:2)
  A guardian serpent (Lair:5)
  6 black mambas
  2 ice statues (IceCv)
  Joseph (D:10)
  A gargoyle (D:11)
  An efreet (D:15)
  4 rime drakes
  9 komodo dragons
  21 cane toads
  2 tengu conjurers
  A merfolk (shapeshifter) (D:15)
  A meliai (shapeshifter) (D:15)
  5 trolls
  10 polar bears (Lair:5)
  A wolf spider simulacrum (D:12)
  3 hornets
  8 blink frogs (Lair:1)
  5 raiju (Lair:5)
  27 slime creatures
  A snapping turtle (Shoals:1)
  A spriggan (Lair:2)
  8 wraiths
  A centaur simulacrum (D:15)
  A shadow (D:11)
  75 yaks
  A water elemental (Shoals:1)
  3 hogs (D:14)
  A human (D:14)
  14 wyverns
  3 basilisks
  11 vampire mosquitoes
  3 steam dragons
  3 redbacks (Lair:5)
  14 wargs
  Menkaure (D:7)
  A naga (Lair:2)
  A two-headed ogre zombie (D:14)
  An acid dragon (D:11)
  21 water moccasins
  10 hell hounds (Lair:5)
  38 orc warriors
  An ice beast (shapeshifter) (D:14)
  2 ice beasts
  13 black bears
  A sky beast (D:7)
  4 great orb of eyes simulacra (IceCv)
  17 ogres
  31 wolves
  20 centaurs
  6 slime creature simulacra (IceCv)
  5 kobold brigands
  9 bullfrogs
  2 scorpions
  2 glowing shapeshifter simulacra (IceCv)
  3 wights (D:8)
  3 killer bees (D:9)
  6 howler monkeys
  4 electric eels
  8 hounds
  2 jellies
  A gnoll bouda (D:6)
  9 orc priests
  A sleepcap (D:6)
  13 orc wizards
  An iguana (D:5)
  4 hell rats (Lair:1)
  2 shapeshifter simulacra (IceCv)
  10 gnolls
  9 adders
  A shadow imp (D:7)
  5 white imps
  An ufetubus (D:6)
  5 worms
  64 orcs
  2 endoplasms (D:3)
  5 giant cockroaches
  9 goblins
  7 hobgoblins
  5 jackals
  30 kobolds
  8 quokkas
  6 ball pythons
  2 bats
  15 rats
772 creatures vanquished.

Vanquished Creatures (collateral kills)
  Donald (Orc:2)
  A centaur warrior (D:15)
  4 skeletal warriors (D:14)
  A slime creature (D:14)
  A centaur (D:15)
8 creatures vanquished.

Vanquished Creatures (others)
  An orc (Orc:1)
  16 fungi
  51 plants
68 creatures vanquished.

Grand Total: 848 creatures vanquished

Notes
Turn   | Place    | Note
-------+----------+-------------------------------------------
     0 | D:1      | jejorda2 the Merfolk Berserker began the quest for the Orb.
     0 | D:1      | Reached XP level 1. HP: 18/18 MP: 1/1
    99 | D:1      | Reached XP level 2. HP: 24/24 MP: 2/2
   164 | D:1      | Found Otyuvypp's Magic Scroll Shoppe.
   202 | D:1      | Found Yfurybyet's Book Shop.
   506 | D:1      | Reached ** piety under Trog
   789 | D:1      | Bought a scroll of teleportation for 42 gold pieces
   855 | D:2      | Reached XP level 3. HP: 26/29 MP: 3/3
  1010 | D:2      | Reached skill level 5 in Polearms
  1538 | D:1      | Bought a scroll of identify for 28 gold pieces
  1848 | D:3      | Reached XP level 4. HP: 25/37 MP: 4/4
  2399 | D:3      | Reached *** piety under Trog
  2773 | D:4      | Reached XP level 5. HP: 39/42 MP: 5/5
  2804 | D:4      | Reached skill level 6 in Polearms
  3237 | D:1      | Bought a scroll of fear for 56 gold pieces
  3287 | D:5      | Entered Level 5 of the Dungeon
  3349 | D:5      | Found a white marble altar of Elyvilon.
  3457 | D:5      | Found a blossoming altar of Fedhas.
  3458 | D:5      | Found an ancient bone altar of Kikubaaqudgha.
  3489 | D:5      | Reached XP level 6. HP: 49/49 MP: 6/6
  3575 | D:5      | Found a glowing drain.
  3596 | D:5      | Reached skill level 7 in Polearms
  3609 | Sewer    | Entered a sewer
  3688 | Sewer    | Reached skill level 5 in Fighting
  3751 | Sewer    | Found a glowing silver altar of Zin.
  3845 | D:5      | Noticed a black bear
  3860 | D:5      | Reached XP level 7. HP: 56/56 MP: 7/7
  3876 | D:5      | Reached skill level 8 in Polearms
  4223 | D:5      | Found an iron altar of Okawaru.
  4684 | D:6      | Reached skill level 9 in Polearms
  4692 | D:6      | Reached XP level 8. HP: 64/64 MP: 8/8
  4762 | D:6      | Reached **** piety under Trog
  4823 | D:6      | Found a staircase to the Ecumenical Temple.
  5317 | D:6      | You are sucked into a shaft and drop 3 floors!
  5338 | D:9      | Reached skill level 10 in Polearms
  5570 | D:9      | Reached skill level 11 in Polearms
  5791 | D:8      | Found Colak's Hydra Hut.
  5794 | D:8      | Noticed a six-headed hydra
  5806 | D:8      | Reached XP level 9. HP: 69/69 MP: 9/9
  5858 | D:8      | Reached skill level 12 in Polearms
  6029 | D:7      | Noticed Menkaure
  6030 | D:7      | Reached skill level 5 in Armour
  6035 | D:7      | Killed Menkaure
  6119 | D:7      | Found a glowing golden altar of the Shining One.
  6136 | D:7      | Reached skill level 13 in Polearms
  6981 | D:8      | Found a basalt altar of Yredelemnul.
  7661 | D:9      | Reached skill level 14 in Polearms
  7661 | D:9      | Reached XP level 10. HP: 76/76 MP: 10/10
  7960 | D:9      | Found a staircase to the Lair.
  7968 | D:9      | Reached skill level 15 in Polearms
  8107 | D:9      | Reached skill level 16 in Polearms
  8289 | D:10     | Entered Level 10 of the Dungeon
  8410 | D:8      | Bought a +0 glaive of flaming for 219 gold pieces
  8586 | D:10     | Reached skill level 1 in Evocations
  8746 | D:10     | Reached skill level 17 in Polearms
  8761 | D:10     | Reached ***** piety under Trog
  8762 | D:10     | Reached XP level 11. HP: 75/81 MP: 11/11
  8784 | D:10     | Found a glowing silver altar of Zin.
  9473 | D:10     | Found a snail-covered altar of Cheibriados.
  9474 | D:10     | Found a stormy altar of Qazlal.
  9475 | D:10     | Found a sacrificial altar of Ru.
  9478 | D:10     | Noticed Joseph
  9495 | D:10     | Killed Joseph
  9496 | D:10     | Reached skill level 18 in Polearms
  9794 | D:11     | Found a staircase to the Orcish Mines.
  9926 | D:11     | Noticed a cyclops
  9932 | D:11     | Killed a cyclops
 10134 | D:11     | Reached skill level 5 in Evocations
 10275 | D:11     | Noticed a boulder beetle
 10288 | D:11     | Killed a boulder beetle
 10377 | D:11     | Noticed a two-headed ogre
 10385 | D:11     | Killed a two-headed ogre
 10386 | D:11     | Reached skill level 19 in Polearms
 10716 | D:11     | Noticed a manticore
 10722 | D:11     | Killed a manticore
 10892 | D:11     | Identified a scroll of acquirement
 10893 | D:11     | Acquired the ring "Qytop" {rC+ EV+5}
 11264 | D:1      | Bought 2 scrolls of poison for 112 gold pieces
 11419 | Lair:1   | Entered Level 1 of the Lair of Beasts
 11480 | Lair:1   | Reached XP level 12. HP: 88/88 MP: 12/12
 11504 | Lair:1   | Reached skill level 20 in Polearms
 11513 | Lair:1   | HP: 4/89 [yak (12)]
 11892 | Lair:1   | You fall into a shaft and drop 1 floor!
 11892 | Lair:2   | Found a staircase to the Shoals.
 11920 | Lair:2   | Noticed a death yak
 11920 | Lair:2   | Noticed a death yak
 11933 | Lair:2   | Killed a death yak
 11934 | Lair:2   | Reached skill level 1 in Throwing
 11979 | Lair:2   | Noticed a death yak
 11979 | Lair:2   | Noticed a death yak
 11983 | Lair:2   | Noticed a death yak
 11989 | Lair:2   | Noticed a death yak
 11999 | Lair:2   | Killed a death yak
 12004 | Lair:2   | Killed a death yak
 12010 | Lair:2   | Killed a death yak
 12017 | Lair:2   | Killed a death yak
 12061 | Lair:2   | Killed a death yak
 12101 | Lair:2   | Reached skill level 10 in Fighting
 12158 | Lair:2   | Reached skill level 5 in Throwing
 12521 | Lair:2   | Reached XP level 13. HP: 104/104 MP: 13/13
 12659 | Lair:2   | Found a burning altar of Makhleb.
 12721 | Lair:2   | Found a staircase to the Snake Pit.
 13420 | D:1      | Bought a scroll of magic mapping for 105 gold pieces
 14792 | Lair:3   | Received a gift from Trog
 15269 | Lair:3   | Identified the +2 shortbow "Ezxutegh" {speed, rN+ Will-
                  | Int+5}
 16401 | Lair:4   | Reached XP level 14. HP: 115/115 MP: 14/14
 16405 | Lair:4   | Reached skill level 21 in Polearms
 16459 | Lair:4   | Identified the ring "Utesa" {Fly Dex+2}
 17013 | Lair:5   | Entered Level 5 of the Lair of Beasts
 17045 | Lair:5   | Found a viscous altar of Jiyva.
 17049 | Lair:5   | Found a staircase to the Slime Pits.
 17106 | Lair:5   | Found a frozen archway.
 17181 | IceCv    | Entered an ice cave
 17741 | IceCv    | Noticed a quicksilver ooze
 17747 | IceCv    | Killed a quicksilver ooze
 17809 | IceCv    | Found a viscous altar of Jiyva.
 17809 | IceCv    | Noticed an azure jelly
 17821 | IceCv    | Killed an azure jelly
 17877 | IceCv    | Noticed a quicksilver ooze
 17884 | IceCv    | Killed a quicksilver ooze
 17903 | IceCv    | Identified the +1 robe of Qefianle {rPois rN+ Str+3}
 17906 | IceCv    | Identified the amulet of Incredulity {Acrobat +Blink rCorr
                  | Int-2}
 18875 | Lair:5   | Paralysed by a hornet for 3 turns
 19064 | Lair:5   | Reached skill level 10 in Throwing
 19111 | Lair:5   | Reached skill level 22 in Polearms
 19702 | Lair:5   | Reached XP level 15. HP: 87/120 MP: 15/15
 22632 | D:13     | Identified the +3 scimitar "Ivvyser" {heavy, rF+ Dex+4}
                  | (Trog gifted it to you on level 13 of the Dungeon)
 22632 | D:13     | Received a gift from Trog
 22718 | D:14     | Noticed Louise
 22726 | D:14     | Killed Louise
 23078 | D:14     | Noticed Jorgrun
 23086 | D:14     | Killed Jorgrun
 23087 | D:14     | Reached skill level 23 in Polearms
 23231 | D:14     | Found a gate to the Vaults.
 23514 | D:14     | Reached skill level 10 in Armour
 23582 | D:14     | Acquired the scarf of Circular Logic {rC+ rF+, rN+ rCorr}
 23701 | D:14     | Noticed Erolcha
 23707 | D:14     | Killed Erolcha
 23992 | D:14     | Noticed Kirke
 24004 | D:14     | Killed Kirke
 24015 | D:14     | Reached XP level 16. HP: 127/127 MP: 16/16
 24246 | D:15     | Entered Level 15 of the Dungeon
 24465 | D:15     | Noticed Josephine
 24477 | D:15     | Killed Josephine
 24999 | D:15     | Reached skill level 24 in Polearms
 25216 | D:15     | Found a staircase to the Depths.
 25939 | Orc:1    | Entered Level 1 of the Orcish Mines
 25974 | Orc:1    | Noticed Erica
 25989 | Orc:1    | Killed Erica
 26789 | Orc:2    | Entered Level 2 of the Orcish Mines
 27220 | Orc:2    | Noticed Sonja
 27248 | Orc:2    | Killed Sonja
 27448 | Orc:2    | Found a staircase to the Elven Halls.
 27501 | Orc:2    | Reached skill level 5 in Dodging
 27508 | Orc:2    | Received a gift from Trog
 27881 | Orc:2    | Noticed Saint Roka
 27930 | Orc:2    | Killed Saint Roka
 27930 | Orc:2    | Noticed Urug
 27945 | Orc:2    | Killed Urug
 28466 | Orc:2    | Noticed Donald
 28519 | Orc:2    | Killed Donald
 28936 | Orc:2    | Found Biffez's Distillery.
 28936 | Orc:2    | Found Udghorull's Jewellery Emporium.
 28936 | Orc:2    | Found Kiothruv's Jewellery Shoppe.
 28939 | Orc:2    | Found Koabb's Distillery.
 29248 | Shoals:1 | Entered Level 1 of the Shoals
 29450 | Shoals:1 | Noticed a kraken
 29463 | Shoals:1 | HP: 6/193 [merfolk/+0 trident (7)]
 29463 | Shoals:1 | Slain by a merfolk

Illustrated notes

Levels and vault maps discovered:
D:1:      sevenhm_arrival_forest_fort_large_4, layout_loops_ring, serial_shops,
          shop, shop
D:2:      layout_loops_ring
D:3:      layout_basic
D:4:      layout_basic
D:5:      layout_loops_ring, grunt_temple_overflow_growth_and_decay,
          elyvilon_altar_3, mainiacjoe_overflow_alcove_4, serial_glass,
          glass_columns_a, glass_columns_b, glass_columns_b, glass_columns_b,
          glass_columns_a, glass_columns_a, glass_columns_b, glass_columns_a,
          glass_columns_c, glass_columns_c, portal_sewer_entry_f
D:6:      layout_layer_cave, minmay_temple_entry_trees, skrybe_limestone_x
D:7:      layout_cave_pools, minmay_ruined_shrine, uniq_menkaure
D:8:      layout_gridville, kennysheep_little_box, doesnt_shop_hydraphobe
D:9:      layout_irregular_city, erik_lair_orcish_takeover
D:10:     layout_stronghold, zin_scriptorium,
          chequers_temple_overflow_statue_of_worship, minivault_19,
          wad_floor_pattern_untrapped, chequers_serial_rivers_micro_e,
          uniq_joseph
D:11:     nicolae_moon_pools, layout_gridville, orc_0_dummy, serial_rivers,
          chequers_serial_rivers_room_a, chequers_serial_rivers_micro_c,
          chequers_serial_rivers_room_b, chequers_serial_rivers_large_a,
          chequers_serial_rivers_micro_c, chequers_serial_rivers_room_a
D:12:     layout_rooms
D:13:     layout_long_grid, serial_co_window_serial, co_window_paths_a,
          co_window_paths_a, co_window_corner_a, co_window_corner_a,
          co_window_paths_a, co_window_cross_1, co_window_corner_a,
          co_window_corner_ca, co_window_broadway_a, co_window_broadway_c,
          co_window_4corner_a, glass_columns_a
D:14:     lemuel_ogre_cave, layout_basic, minmay_librarian, uniq_louise,
          uniq_kirke, uniq_jorgrun
D:15:     gammafunk_enter_depths_forms, layout_loops_cross, chequers_avenue,
          uniq_josephine
Lair:1:   layout_cave_pods, grunt_megastairs_1
Lair:2:   layout_roguey, elwin_shoals_entry_rocks, guppyfry_snake_entry_garden,
          basic_altar, grunt_forest_large_clearing_hut, grunt_megastairs_4
Lair:3:   layout_misc_corridors, st_stairs_11, beast_lair_carwin_1,
          serial_bayou_shore_a
Lair:4:   layout_hall_layers
Lair:5:   hangedman_lair_tendril_chambers, layout_gridlike,
          hangedman_lair_caniforms_friends, minmay_slime_entry_pillars,
          portal_ice_cave_entry_pillars_2
Shoals:1: nicolae_shoals_lighthouse, layout_shoals,
          nicolae_shoals_arrival_archipelago
Orc:1:    layout_caves, uniq_erica
Orc:2:    st_orc_rangers, layout_diamond_mine, basic_altar, mines3_lemuel,
          uniq_urug, uniq_saint_roka, uniq_donald, uniq_sonja

Skill      XL: |  1  2  3  4  5  6  7  8  9 10 11 12 13 14 15 16 |
---------------+-------------------------------------------------+-----
Polearms       | 5 6 7 9 11 14 17 19 20 22 23 24 | 24.0
Armour         | 2 3 4 5 6 7 8 10 11 | 11.5
Fighting       | 4 5 6 10 12 | 12.9
Evocations     | 3 6 |  6.0
Throwing       | 5 8 10 12 | 12.0
Dodging        | 6 |  6.8

Action                     |  1- 3 |  4- 6 |  7- 9 | 10-12 | 13-15 | 16-18 || total
---------------------------+-------+-------+-------+-------+-------+-------++-------
  Melee: Spear             |   129 |   279 |   289 |       |       |       ||   697
         Punch             |     1 |     5 |     4 |       |       |       ||    10
         Halberd           |       |       |    96 |   490 |   273 |       ||   859
         Glaive            |       |       |       |       |   881 |   276 ||  1157
         Bardiche          |       |       |       |       |       |   335 ||   335
  Throw: Stone             |       |     3 |    10 |    32 |    36 |       ||    81
         Boomerang         |       |       |       |       |    40 |     6 ||    46
         Dart              |       |       |       |       |       |    78 ||    78
 Invoke: Berserk           |     1 |     3 |     7 |     7 |    17 |     6 ||    41
         Trog's Hand       |       |     1 |     1 |     3 |    12 |     5 ||    22
         Brothers in Arms  |       |       |       |     2 |     3 |     2 ||     7
  Evoke: Wand              |       |       |       |       |       |     1 ||     1
    Use: Scroll            |     3 |    10 |     3 |     9 |     7 |     3 ||    35
         Potion            |       |       |     1 |     1 |     3 |     1 ||     6
   Stab: Sleeping          |     2 |       |       |       |     3 |     4 ||     9
         Distracted        |       |       |       |       |       |     2 ||     2
 Armour: Animal skin       |     7 |       |       |       |       |       ||     7
         Ring mail         |     6 |       |       |       |       |       ||     6
         Chain mail        |       |    86 |   147 |     1 |       |       ||   234
         Plate armour      |       |       |       |   141 |   270 |    21 ||   432
         Shadow dragon sca |       |       |       |       |    52 |   193 ||   245
  Dodge: Dodged            |    38 |    85 |    84 |   157 |   463 |   363 ||  1190
  Block: Other             |       |       |     7 |    11 |       |       ||    18
         Reflection        |       |       |     1 |       |       |       ||     1

Table legend: (Time is in decaauts)
 A = Elapsed time spent in this place.
 B = Non-inter-level travel time spent in this place.
 C = Inter-level travel time spent in this place.
 D = Time resting spent in this place.
 E = Time spent auto-exploring this place.
 F = Levels seen in this place.
 G = Mean time per level.
                   A        B        C        D        E       F      G
               +--------+--------+--------+--------+--------+-----+--------+
         Total |  28805 |  26270 |   2535 |   3896 |  17661 |  25 | 1152.2 |
       Dungeon |  17112 |  15254 |   1858 |   1901 |  10866 |  15 | 1140.8 |
          Lair |   7656 |   7080 |    576 |    739 |   5046 |   5 | 1531.2 |
        Shoals |    175 |    175 |      0 |      0 |    130 |   1 |  175.0 |
  Orcish Mines |   2642 |   2543 |     99 |    656 |   1297 |   2 | 1321.0 |
         Sewer |    205 |    205 |      0 |     48 |     89 |   1 |  205.0 |
      Ice Cave |   1014 |   1014 |      0 |    549 |    232 |   1 | 1014.0 |
               +--------+--------+--------+--------+--------+-----+--------+

Top non-repeatable levels by time:
  Lair:5: 2465 daAuts
   Orc:2: 1914 daAuts
    D:11: 1768 daAuts
    D:14: 1646 daAuts
    D:15: 1483 daAuts
     D:9: 1403 daAuts
    D:10: 1397 daAuts
  Lair:2: 1380 daAuts
  Lair:1: 1333 daAuts
     D:8: 1278 daAuts
  Lair:4: 1265 daAuts
     D:6: 1213 daAuts
  Lair:3: 1210 daAuts
     D:3: 1198 daAuts
    D:13: 1059 daAuts
